 Dungeon Crawl Stone Soup version 0.23.2-30-g0e89c35649 (webtiles) character file.

Game seed: 15053053442164817223

7025 DildoBatman the Tainter (level 11, -8/79 HPs)
             Began as a Formicid Wizard on June 21, 2019.
             Was an Elder of Kikubaaqudgha.
             Mangled by a white ugly thing (29 damage)
             ... on level 10 of the Dungeon.
             The game lasted 00:43:03 (10858 turns).

DildoBatman the Tainter (Formicid Wizard)          Turns: 10858, Time: 00:43:04

Health: -8/79      AC:  6    Str: 12    XL:     11   Next: 29%
Magic:  14/28      EV: 12    Int: 24    God:    Kikubaaqudgha [****..]
Gold:   491        SH:  0    Dex:  9    Spells: 4/21 levels left

rFire    . . .     SeeInvis +   a - +2 dagger (drain)
rCold    . . .     Gourm    .   (no shield)
rNeg     . . .     Faith    .   R - +0 troll leather armour
rPois    .         Spirit   .   (helmet unavailable)
rElec    .         Reflect  .   (no cloak)
rCorr    .         Harm     .   (no gloves)
MR       +....                  P - +0 pair of boots
Stlth    +.........             r - amulet of regeneration
HPRegen  1.03/turn              Q - +3 ring of intelligence
MPRegen  0.21/turn              W - ring of magical power

@: confused, lethally poisoned (-8 -> -9), very slightly contaminated
A: permanent stasis, dig shafts and tunnels, four strong arms, antennae 3
a: Dig, Shaft Self, Receive Corpses, Renounce Religion


You were on level 10 of the Dungeon.
You worshipped Kikubaaqudgha.
Kikubaaqudgha was greatly pleased with you.
You were not hungry.

You visited 2 branches of the dungeon, and saw 12 of its levels.
You also visited: Sewer.

You collected 629 gold pieces.
You spent 138 gold pieces at shops.

Inventory:

Hand Weapons
 a - a +2 dagger of draining (weapon)
 b - a +2 short sword of speed
 e - a +0 halberd
 f - a +0 blowgun
Missiles
 g - 279 stones
 i - 110 bolts
 k - 13 javelins
 o - 57 poisoned needles
 E - 4 silver tomahawks (quivered)
 G - 130 arrows
 T - 5 needles of confusion
 V - 14 sling bullets
Armour
 P - a +0 pair of boots (worn)
 R - a +0 troll leather armour (worn)
Jewellery
 r - an amulet of regeneration (around neck)
 N - an uncursed ring of ice
 Q - a +3 ring of intelligence (left hand)
 U - an uncursed ring of resist corrosion
 W - a ring of magical power (right hand)
Wands
 d - a wand of flame (77)
 l - a wand of paralysis (10)
 s - a wand of scattershot (5)
 I - a wand of iceblast (5)
 M - a wand of acid (13)
Scrolls
 c - 2 scrolls of fog
 n - a scroll of enchant armour
 p - 3 scrolls of immolation
 x - 2 scrolls of remove curse
 y - 3 scrolls of fear {unknown}
 z - 4 scrolls of identify
 A - 6 scrolls of enchant weapon
 B - 2 scrolls of blinking {unknown}
 C - 3 scrolls of magic mapping
 J - 2 scrolls of vulnerability {unknown}
 K - a scroll of brand weapon {unknown}
 L - 3 scrolls of amnesia
 O - 2 scrolls of holy word {unknown}
 S - 2 scrolls of noise {unknown}
Potions
 h - 2 potions of lignification {unknown}
 j - 8 potions of curing
 m - 4 potions of agility {unknown}
 q - 3 potions of might {unknown}
 t - 2 potions of brilliance {unknown}
 u - a potion of heal wounds {unknown}
 w - a potion of flight {unknown}
 D - 2 potions of invisibility {unknown}
 F - a potion of berserk rage {unknown}
 H - 4 potions of magic {unknown}
Comestibles
 v - 14 rations


   Skills:
 - Level 5.0 Fighting
 - Level 2.0 Short Blades
 - Level 5.0 Armour
 - Level 3.0 Dodging
 - Level 6.1 Stealth
 * Level 5.9 Spellcasting
 - Level 6.0 Conjurations
   Level 1.0 Summonings
 * Level 7.1 Necromancy
   Level 0.8 Translocations
 - Level 4.0 Fire Magic
 - Level 4.1 Air Magic
 - Level 8.0 Poison Magic


You had 4 spell levels left.
You knew the following spells:

 Your Spells              Type           Power        Failure   Level  Hunger
a - Conjure Flame         Conj/Fire      ####....     4%          3    #......
b - Dispel Undead         Necr           #####...     16%         5    #####..
c - Magic Dart            Conj           ####         1%          1    None
d - Vampiric Draining     Necr           #####.....   1%          3    #......
e - Mephitic Cloud        Conj/Pois/Air  #####...     2%          3    #......
z - Sublimation of Blood  Necr           #####.....   1%          2    None

Your spell library contained the following spells:

 Spells                   Type           Power        Failure   Level  Hunger
 Animate Skeleton         Necr           N/A          1%          1    None
 Pain                     Necr           ####         1%          1    None
 Animate Dead             Necr           N/A          5%          4    ###....
 Stone Arrow              Conj/Erth      ###...       9%          3    #......
 Sandblast                Erth           #.....       11%         1    None
 Call Imp                 Summ           ##......     11%         2    None
 Passwall                 Tmut/Erth      #.......     16%         2    None
 Slow                     Hex            #.......     16%         2    None
 Petrify                  Tmut/Erth      #.......     71%         4    ###....
 Agony                    Necr           #####...     16%         5    #####..
 Bolt of Draining         Conj/Necr      #####.....   19%         5    #####..
 Excruciating Wounds      Chrm/Necr      ###.......   54%         5    #####..
 Lee's Rapid Deconstruct  Erth           #.........   96%         5    #####..
 Blink                    Tloc           Unusable     N/A         2    N/A

Dungeon Overview and Level Annotations

Branches:
Dungeon (11/15)            Temple (1/1) D:4            Lair (0/6) D:8
    Orc: D:9-12

Altars:
Ashenzari
Cheibriados
Dithmenos
Elyvilon
Fedhas
Gozag
Hepliaklqana
Kikubaaqudgha
Makhleb
Nemelex Xobeh
Okawaru
Qazlal
Ru
Sif Muna
Trog
Uskayaw
Vehumet
Wu Jian
Xom
Yredelemnul
Zin
The Shining One

Shops:
D:4 [*   D:5 *   D:6 ?   D:8 %   D:9 [

Annotations:
D:3 3 runed translucent doors, palmtree's ghost, amateur MiBe
D:9 2 transporters, foxfromabyss's ghost, novice FeTm


Innate Abilities, Weirdness & Mutations

You cannot be hasted, slowed, berserked, paralysed or teleported.
You can dig through walls and to a lower floor.
Your four strong arms can wield two-handed weapons with a shield.
You have a pair of large antennae on your head. (SInv)


Message History

Casting: Mephitic Cloud (safe; 2% risk of failure)
Confirm with . or Enter, or press ? or * to list all spells.
Aiming: Mephitic Cloud (safe; 2% risk of failure)
Press: ? - help, Shift-Dir - straight line, f - white ugly thing
Aim: a white ugly thing That beam is likely to hit you.
Continue anyway?
The ball explodes into a vile cloud!
The stinking cloud engulfs the white ugly thing but does no damage.
The stinking cloud engulfs you but does no damage.
You are engulfed in noxious fumes.
You choke on the stench!
You are confused.
The white ugly thing is engulfed in noxious fumes.
The white ugly thing misses you.
You feel sick.
The white ugly thing is engulfed in noxious fumes. x2
The white ugly thing engulfs you! The white ugly thing freezes you!!
You die...
Kikubaaqudgha rasps: "You have failed me!
Welcome... death!"

..........#............#..#..#..#
###....#..###########..#..####..#
..#..............#...........#..#
..#..............#...........#..#
..#..............#.K.........#..#
..#########..##○###.##.#####.####
###...........{#°....#.....#..#..
..#.........K.{#u°...#.....#..#..
..####..####K###@########.##..#..
###........>..#..#........#...#..
..#...........#..#........#......
..#......>....#..#........#......
..####....##..####..#######...###
###..#....#......................
.....#....#......................
.....#....#......................
.....#....#......................


You could see a white ugly thing and a kobold.

Vanquished Creatures
  Fannar (D:10)
  2 two-headed ogres
  An elephant (D:8)
  A troll (D:9)
  A hornet (D:8)
  A hippogriff (D:8)
  A wyvern (D:10)
  A hungry ghost (D:9)
  A water moccasin (D:5)
  4 orc warriors
  A phantom (D:6)
  A hornet zombie (D:7)
  2 ice beasts
  4 ogres
  A necrophage (D:9)
  4 centaurs
  2 crocodiles (D:8)
  A big kobold (D:11)
  4 bullfrogs
  A water moccasin zombie (D:8)
  3 scorpions
  A wyvern skeleton (D:5)
  4 wights (D:7)
  A howler monkey (D:8)
  3 centaur zombies
  5 crimson imps
  4 hounds
  3 jellies (D:8)
  8 orc priests
  A bullfrog skeleton (D:5)
  6 orc wizards
  3 centaur skeletons
  A gnoll shaman (D:6)
  Natasha (thrice) (Temple)
  5 iguanas
  3 worker ants
  A hound zombie (D:6)
  A hound skeleton (D:8)
  A worker ant zombie (D:9)
  3 gnolls (D:6)
  19 adders
  2 shadow imps
  An ooze (D:1)
  2 adder zombies
  An adder skeleton (D:5)
  3 worms
  A dart slug (D:1)
  9 leopard geckos
  36 orcs
  10 bats
  8 giant cockroaches
  9 hobgoblins
  23 jackals
  20 kobolds
  3 quokkas
  7 ball pythons
  11 frilled lizards
  8 goblins
  A quokka zombie (D:8)
  11 rats
  3 plants (Sewer)
283 creatures vanquished.

Notes
Turn   | Place    | Note
-------+----------+-------------------------------------------
     0 | D:1      | DildoBatman the Formicid Wizard began the quest for the
                  | Orb.
     0 | D:1      | Reached XP level 1. HP: 13/13 MP: 4/4
     5 | D:1      | Reached skill level 1 in Conjurations
   143 | D:1      | Reached XP level 2. HP: 8/19 MP: 0/6
   657 | D:1      | Reached XP level 3. HP: 13/24 MP: 0/7
   676 | D:1      | Learned a level 3 spell: Conjure Flame
   680 | D:1      | Learned a level 3 spell: Mephitic Cloud
   946 | D:1      | HP: 1/24 [goblin/+2 dagger of draining (1)]
  1435 | D:2      | Reached XP level 4. HP: 25/30 MP: 1/8
  1828 | D:2      | Found an iron altar of Okawaru.
  1878 | D:2      | Reached XP level 5. HP: 24/35 MP: 0/9
  2419 | D:3      | Found a runed translucent gate.
  2419 | D:3      | Found a runed translucent gate.
  2419 | D:3      | Found a runed translucent gate.
  2422 | D:3      | Noticed palmtree's ghost (amateur MiBe)
  2800 | D:3      | Reached skill level 5 in Conjurations
  2800 | D:3      | Reached XP level 6. HP: 35/41 MP: 4/10
  3311 | D:4      | Found Wuleclaweth's Armour Boutique.
  3364 | D:4      | Found a staircase to the Ecumenical Temple.
  3365 | D:4      | Noticed Natasha
  3376 | Temple   | Entered the Ecumenical Temple
  3515 | Temple   | Became a worshipper of Kikubaaqudgha
  3556 | Temple   | Killed Natasha
  3580 | Temple   | Noticed Natasha
  3602 | Temple   | Killed Natasha
  3606 | Temple   | Noticed Natasha
  3621 | Temple   | Killed Natasha
  3652 | Temple   | Reached skill level 1 in Fire Magic
  3662 | D:4      | Reached XP level 7. HP: 16/46 MP: 1/11
  3679 | D:4      | Found Qygial's Assorted Antiques.
  3795 | D:4      | Found a glowing drain.
  3803 | Sewer    | Entered a sewer
  4099 | Sewer    | Reached * piety under Kikubaaqudgha
  4099 | Sewer    | Identified Kikubaaqudgha's Handbook of Evil Arts
                  | (Kikubaaqudgha gifted it to you in a sewer)
  4099 | Sewer    | Received a gift from Kikubaaqudgha
  4099 | Sewer    | Reached skill level 1 in Poison Magic
  4105 | Sewer    | Learned a level 3 spell: Vampiric Draining
  4108 | Sewer    | Learned a level 2 spell: Sublimation of Blood
  4829 | D:4      | Reached skill level 1 in Short Blades
  4923 | D:4      | Reached skill level 1 in Air Magic
  5128 | D:5      | Entered Level 5 of the Dungeon
  5229 | D:5      | Reached skill level 2 in Poison Magic
  5235 | D:5      | Found Foxias's Serpentskin Sales.
  5235 | D:5      | Noticed a water moccasin
  5239 | D:5      | You fall through a shaft for 3 floors!
  5297 | D:8      | Reached XP level 8. HP: 8/52 MP: 3/13
  5596 | D:7      | Reached ** piety under Kikubaaqudgha
  5607 | D:7      | Reached skill level 3 in Poison Magic
  5675 | D:7      | Found a glowing golden altar of the Shining One.
  5769 | D:7      | Reached skill level 4 in Poison Magic
  6147 | D:7      | Reached skill level 5 in Poison Magic
  6250 | D:7      | Found a deep blue altar of Sif Muna.
  6380 | D:6      | Reached XP level 9. HP: 38/57 MP: 8/15
  6422 | D:6      | Reached skill level 6 in Poison Magic
  6783 | D:6      | Reached skill level 7 in Poison Magic
  7052 | D:6      | Found a blossoming altar of Fedhas.
  7205 | D:6      | Found Coseuzy's Magic Scroll Shop.
  7215 | D:6      | Reached skill level 8 in Poison Magic
  7224 | D:6      | Bought a scroll of fog for 24 gold pieces
  7224 | D:6      | Bought a scroll of magic mapping for 42 gold pieces
  7254 | D:6      | Bought a scroll of remove curse for 36 gold pieces
  7320 | D:6      | Found an opulent altar of Gozag.
  8139 | D:5      | Reached skill level 1 in Fighting
  8139 | D:5      | Reached skill level 1 in Armour
  8139 | D:5      | Reached skill level 1 in Necromancy
  8218 | D:6      | Bought a scroll of remove curse for 36 gold pieces
  8396 | D:8      | Reached XP level 10. HP: 68/68 MP: 3/16
  8462 | D:8      | Reached *** piety under Kikubaaqudgha
  8462 | D:8      | Identified Kikubaaqudgha's Catalogue of Darkness
                  | (Kikubaaqudgha gifted it to you on level 8 of the Dungeon)
  8462 | D:8      | Received a gift from Kikubaaqudgha
  8470 | D:8      | Learned a level 5 spell: Dispel Undead
  8538 | D:8      | Found a sparkling altar of Nemelex Xobeh.
  8592 | D:8      | Found Ossibut's Food Boutique.
  8644 | D:8      | Noticed an elephant
  8661 | D:8      | Killed an elephant
  8673 | D:8      | Reached skill level 5 in Stealth
  8761 | D:8      | Found a staircase to the Lair.
  9120 | D:9      | Noticed a two-headed ogre
  9135 | D:9      | Killed a two-headed ogre
  9246 | D:9      | Found Poepriotisk's Antique Armour Emporium.
  9302 | D:9      | Reached skill level 5 in Armour
  9391 | D:9      | Reached skill level 5 in Fighting
  9417 | D:9      | Identified the +2 dire flail "Jiockune" {crush, rPois rF-
                  | SInv}
  9417 | D:9      | Noticed a two-headed ogre
  9417 | D:9      | Noticed foxfromabyss's ghost (novice FeTm)
  9418 | D:9      | Found a transporter.
  9510 | D:9      | Reached **** piety under Kikubaaqudgha
  9510 | D:9      | Reached skill level 5 in Necromancy
  9723 | D:9      | Found a transporter.
  9751 | D:10     | Entered Level 10 of the Dungeon
  9886 | D:10     | Noticed a two-headed ogre
  9925 | D:10     | Killed a two-headed ogre
  9925 | D:10     | Reached XP level 11. HP: 53/79 MP: 10/18
  9998 | D:10     | Reached skill level 5 in Spellcasting
 10055 | D:10     | Noticed Fannar
 10090 | D:10     | Killed Fannar
 10841 | D:11     | Noticed a white ugly thing
 10858 | D:10     | Mangled by a white ugly thing

Skill      XL: |  1  2  3  4  5  6  7  8  9 10 11 |
---------------+----------------------------------+-----
Conjurations   | 1 2 3 4 5 6 |  6.0
Fire Magic     | 1 2 4 |  4.0
Poison Magic   | 2 5 8 |  8.0
Short Blades   | 1 2 |  2.0
Air Magic      | 1 3 4 |  4.1
Spellcasting   | 4 5 |  5.9
Dodging        | 2 3 |  3.0
Fighting       | 2 5 |  5.0
Armour         | 2 5 |  5.0
Stealth        | 4 6 |  6.1
Necromancy     | 2 6 7 |  7.1
Summonings     | |  1.0
Translocations | |  0.8

Action                   |  1- 3 |  4- 6 |  7- 9 | 10-12 || total
-------------------------+-------+-------+-------+-------++-------
Melee: Unarmed           |    10 |       |       |       ||    10
       Club              |    24 |       |       |       ||    24
       Dagger            |     8 |   127 |   235 |   212 ||   582
       Short sword       |       |     5 |   173 |    13 ||   191
       Halberd           |       |       |    23 |    32 ||    55
Throw: Tomahawk          |       |       |    12 |       ||    12
       Stone             |       |       |     7 |       ||     7
 Cast: Magic Dart        |    88 |    87 |   204 |    43 ||   422
       Mephitic Cloud    |       |    11 |    19 |    29 ||    59
       Conjure Flame     |       |     1 |    21 |    13 ||    35
 Abil: Dig               |       |       |    25 |     6 ||    31
       Shaft Self        |       |       |     1 |       ||     1
  Use: Potion            |       |     1 |       |       ||     1
       Scroll            |       |     5 |     2 |     2 ||     9
 Stab: Sleeping          |     1 |     1 |       |     4 ||     6
       Confused          |       |     1 |     6 |    15 ||    22
  Eat: Chunk             |     2 |    10 |    19 |     7 ||    38
       Ration            |       |       |     1 |     2 ||     3
Armor: Robe              |    10 |    22 |    32 |     8 ||    72
       Troll leather arm |       |       |       |    24 ||    24
Dodge: Dodged            |    38 |    77 |   126 |   119 ||   360
